 Dungeon Sprint DCSS version 0.30-a0-223-gcb0039aa0c (webtiles) character file.

Game seed: 15536104492341147779

1151 rocky1 the Thaumaturge (level 8, 0/66 HPs)
             Began as a Djinni Fire Elementalist on Oct 10, 2022.
             Slain by a two-headed ogre
             ... wielding a +0 giant club
              (29 damage)
             ... in the Dungeon (Sprint III: "The Ten Rune Challenge").
             The game lasted 00:03:50 (1004 turns).

rocky1 the Thaumaturge (Djinni Fire Elementalist)   Turns: 1004, Time: 00:03:50

Health: 0/66       AC:  2    Str:  7    XL:     8   Next: 65%
Gold:   47         EV: 14    Int: 19    God:
                   SH:  0    Dex: 14

rFire   + + .      SeeInvis .    n - +0 long sword (holy)
rCold   x . .      Faith    .    (no shield)
rNeg    . . .      Spirit   .    a - +0 robe
rPois   ∞          Reflect  .    (no helmet)
rElec   .          Harm     .    (no cloak)
rCorr   .          Rampage  .    (no gloves)
Will    .....      NoTele   +    (boots unavailable)
Stlth   +++.......               (no amulet)
HPRegen 0.31/turn                (no ring)
MPRegen 0.00/turn                (no ring)

@: flying
A: sickness immunity, fire resistance 2, cold vulnerability 1, float, innate
caster, HP casting, extra vitality 1
a: no special abilities


You were in the Dungeon.
You visited 1 branch You collected 47 gold pieces.

Inventory:

Hand Weapons
 n - a +0 long sword of holy wrath (weapon)
Armour
 a - a +0 robe (worn)
Wands
 i - a wand of digging (2)
Scrolls
 f - a scroll of blinking
 g - 3 scrolls of identify {unknown}
 k - a scroll of poison {unknown}
 l - a scroll of immolation {unknown}
Potions
 b - 2 potions of curing
 c - 2 potions of heal wounds
 d - a potion of haste
 e - a potion of berserk rage
 h - a potion of cancellation {unknown}
 m - 6 potions of mutation


   Skills:
 + Level 8.3 Fighting
 + Level 1.1 Long Blades
 + Level 4.7 Dodging
 + Level 4.8 Stealth
 + Level 11.5 Spellcasting


You had 12 spell levels left.
You knew the following spells:

 Your Spells              Type           Power      Damage    Failure   Level
a - Foxfire               Conj/Fire      100%       2x1d9     1%          1
b - Scorch                Fire           100%       2d10      1%          2
c - Kindle Blastsparks    Fire/Tloc/Air  100%       2d18      1%          3
d - Inner Flame           Hex/Fire       53%        N/A       1%          3
e - Flame Wave            Conj/Fire      53%        2d13      1%          4
f - Slow                  Hex            100%       N/A       1%          1
g - Ensorcelled Hibernat  Hex/Ice        100%       N/A       1%          2
h - Blink                 Tloc           100%       N/A       1%          2
Your spell library was empty.

Dungeon Overview and Level Annotations

Branches:
Dungeon (1/1)

Altars:
Cheibriados
Dithmenos
Elyvilon
Fedhas
Gozag
Hepliaklqana
Makhleb
Nemelex Xobeh
Okawaru
Qazlal
Ru
Trog
Uskayaw
Wu Jian
Xom
Yredelemnul
Zin
The Shining One
Jiyva
Lugonu


Innate Abilities, Weirdness & Mutations

You are immune to sickness and miasma.
You are immune to poison.
Your flesh is very heat resistant. (rF++)
You are vulnerable to cold. (rC-)
You float through the air rather than walking.
You learn spells naturally, not from books.
Your magical power is your life essence.
You have superior vitality. (+4 MHP)


Message History

Flames lash the two-headed ogre.
The two-headed ogre is heavily wounded.
The two-headed ogre's fire resistance burns away.
Casting: Scorch (safe; 1% risk of failure)
Confirm with . or Enter, or press ? or * to list all spells.
Flames lash the two-headed ogre.
The two-headed ogre is burned terribly!
The two-headed ogre is heavily wounded.
The two-headed ogre hits you with a +0 giant spiked club!!
The two-headed ogre hits you with a +0 giant club!
* * * LOW HITPOINT WARNING * * *
You feel much better. The two-headed ogre closely misses you.
The two-headed ogre misses you.
Casting: Scorch (safe; 1% risk of failure)
Confirm with . or Enter, or press ? or * to list all spells.
Flames lash the two-headed ogre.
The two-headed ogre is burned terribly!
The two-headed ogre is almost dead.
Unknown command.
Casting: Scorch (safe; 1% risk of failure)
Confirm with . or Enter, or press ? or * to list all spells.
Okay, then.
Casting: Scorch (safe; 1% risk of failure)
Confirm with . or Enter, or press ? or * to list all spells.
Casting: Flame Wave (dangerous; 1% risk of failure)
Press: ? - help, Dir - look around, f - activate A wave of flame ripples out!
The flame wave engulfs the two-headed ogre!!
The two-headed ogre is burned terribly!
You kill the two-headed ogre! (Press . to intensify the flame waves.)
Your Long Blades skill increases to level 1!
Unknown command.
A wave of flame ripples out!
The flame wave engulfs the two-headed ogre!
The two-headed ogre is burned terribly!
The two-headed ogre is severely wounded.
The flame wave engulfs the two-headed ogre!!
The two-headed ogre is burned terribly!
You kill the two-headed ogre!
The two-headed ogre hits you with a +0 giant club!!
You die...

.#..###'#'###÷##
'#..#..........#
#...'.⌠........#
#...#...######'#
....#.⌠.#__#...# #
....#...#__#...# #.#
....#'###__#...## ..
....#.).#_v#...'##)#
....#___#__+...#@O.#
▓▓▓▓▓▓▓▓▓▓▓▓▓▓▓▓▓▓▓▓


You could see a two-headed ogre (combustible).

Vanquished Creatures
  A deep elf pyromancer (D)
  A shadow (D)
  2 two-headed ogres (D)
  A water elemental (D)
  A necrophage (D)
  A jelly (D)
  Jessica (D)
  A wizard (D)
  A necromancer (D)
  A kobold demonologist (D)
  3 humans (D)
  A wolf (D)
  2 endoplasms (D)
  A rat (D)
18 creatures vanquished.

Vanquished Creatures (others)
  21 foxfires (D)
21 creatures vanquished.

Grand Total: 39 creatures vanquished

Notes
Turn   | Place    | Note
-------+----------+-------------------------------------------
     0 | D        | rocky1 the Djinni Fire Elementalist began the quest for the
                  | Orb.
     0 | D        | rocky1 set off with the following spells memorised:
                  | Foxfire, Scorch, Kindle Blastsparks, Inner Flame, Flame
                  | Wave.
     0 | D        | Reached XP level 1. HP: 15/15 MP: 0/0
    38 | D        | Reached skill level 3 in Spellcasting
   122 | D        | Reached skill level 1 in Fighting
   132 | D        | Noticed Jessica
   137 | D        | Killed Jessica
   138 | D        | Reached skill level 4 in Spellcasting
   138 | D        | Reached XP level 2. HP: 18/24 MP: 0/0
   138 | D        | Reached XP level 3. HP: 22/29 MP: 0/0
   138 | D        | Learned a level 1 spell: Slow
   268 | D        | Reached skill level 5 in Spellcasting
   268 | D        | Reached XP level 4. HP: 30/35 MP: 0/0
   310 | D        | Noticed a water elemental
   314 | D        | Killed a water elemental
   315 | D        | Reached skill level 6 in Spellcasting
   315 | D        | Reached XP level 5. HP: 33/41 MP: 0/0
   315 | D        | Learned a level 2 spell: Ensorcelled Hibernation
   456 | D        | Reached skill level 7 in Spellcasting
   494 | D        | Found a glowing silver altar of Zin.
   494 | D        | Found a glowing golden altar of the Shining One.
   494 | D        | Found a white marble altar of Elyvilon.
   495 | D        | Noticed a deep elf pyromancer
   498 | D        | Killed a deep elf pyromancer
   499 | D        | Reached skill level 9 in Spellcasting
   499 | D        | Reached XP level 6. HP: 47/53 MP: 0/0
   499 | D        | Reached XP level 7. HP: 52/58 MP: 0/0
   499 | D        | Learned a level 2 spell: Blink
   515 | D        | Found a hide-covered altar of Uskayaw.
   515 | D        | Found an iron altar of Okawaru.
   515 | D        | Found a bloodstained altar of Trog.
   515 | D        | Found an ornate altar of the Wu Jian Council.
   515 | D        | Noticed a human
   515 | D        | Noticed a human
   520 | D        | Killed a human
   521 | D        | Reached skill level 10 in Spellcasting
   523 | D        | Killed a human
   524 | D        | Reached XP level 8. HP: 19/65 MP: 0/0
   681 | D        | Found a basalt altar of Yredelemnul.
   681 | D        | Found a shadowy altar of Dithmenos.
   681 | D        | Found a sacrificial altar of Ru.
   689 | D        | Reached skill level 11 in Spellcasting
   746 | D        | Noticed a shadow
   752 | D        | Killed a shadow
   862 | D        | Found a blossoming altar of Fedhas.
   862 | D        | Found a stormy altar of Qazlal.
   862 | D        | Found a snail-covered altar of Cheibriados.
   862 | D        | Found a burning altar of Makhleb.
   862 | D        | Found a shimmering altar of Xom.
   863 | D        | Found a hazy altar of Hepliaklqana.
   863 | D        | Found an opulent altar of Gozag.
   863 | D        | Found a sparkling altar of Nemelex Xobeh.
   863 | D        | Found a corrupted altar of Lugonu.
   863 | D        | Found a viscous altar of Jiyva.
  1004 | D        | Reached skill level 1 in Long Blades
  1004 | D        | Slain by a two-headed ogre

Illustrated notes

Levels and vault maps discovered:
D:        dungeon_sprint_mu [sprint_mu_entry_cave, sprint_mu_temple_rooms,
          sprint_mu_d1_spiders, sprint_mu_d2_genie, sprint_mu_d3_branching,
          sprint_mu_orc_legion, sprint_mu_elf_gauntlet, sprint_mu_hive_nellie,
          sprint_mu_lair_fedhas, sprint_mu_vaults_butterflies,
          sprint_mu_slime_circle, sprint_mu_swamp_cave, sprint_mu_shoals_kraken,
          sprint_mu_blade_basic, sprint_mu_crypt_fortress,
          sprint_mu_tomb_spiral, sprint_mu_vestibule_basic,
          sprint_mu_gehenna_hellfire, sprint_mu_dis_giant,
          sprint_mu_tartarus_statrot, sprint_mu_cocytus_islands, sprint_mu_zot1]

Skill      XL: |  1  2  3  4  5  6  7  8 |
---------------+-------------------------+-----
Spellcasting   | 4 5 6 9 10 11 | 11.5
Fighting       | 2 3 4 7 8 |  8.3
Stealth        | 2 4 |  4.8
Dodging        | 3 4 |  4.7
Long Blades    | 1 |  1.1

Action                   |  1- 3 |  4- 6 |  7- 9 || total
-------------------------+-------+-------+-------++-------
Melee: Long sword        |       |       |     4 ||     4
 Cast: Foxfire           |    13 |       |       ||    13
       Scorch            |     7 |    11 |    25 ||    43
       Flame Wave        |       |       |     1 ||     1
  Use: Potion            |       |       |     1 ||     1
Armor: Robe              |       |       |     1 ||     1
Dodge: Dodged            |     4 |     3 |    12 ||    19

Table legend: (Time is in decaauts)
 A = Elapsed time spent in this place.
 B = Non-inter-level travel time spent in this place.
 C = Inter-level travel time spent in this place.
 D = Time resting spent in this place.
 E = Time spent auto-exploring this place.
 F = Levels seen in this place.
 G = Mean time per level.
                   A        B        C        D        E       F      G
               +--------+--------+--------+--------+--------+-----+--------+
         Total |   1004 |   1004 |      0 |    748 |      0 |   1 | 1004.0 |
       Dungeon |   1004 |   1004 |      0 |    748 |      0 |   1 | 1004.0 |
               +--------+--------+--------+--------+--------+-----+--------+

Top non-repeatable levels by time:
       D: 1004 daAuts
